 Dungeon Crawl Stone Soup version 0.32-a0-132-g2d33c3cfaf (webtiles) character file.

Game seed: 6252430160753040575

1322 Dittersdorf the Covered (level 8, -1/52 HPs)
             Began as a Gargoyle Fighter on Feb 9, 2024.
             Was an Initiate of Gozag.
             Shot with an arrow by a centaur (5 damage)
             ... on level 5 of the Dungeon.
             The game lasted 00:05:10 (3550 turns).

Dittersdorf the Covered (Gargoyle Fighter)          Turns: 3550, Time: 00:05:10

Health: -1/52      AC: 17    Str: 23    XL:     8   Next: 59%
Magic:  8/8        EV:  9    Int: 14    God:    Gozag
Gold:   495        SH:  5    Dex:  9    Spells: 7/7 levels left

rFire   . . .        a - +0 flail
rCold   . . .        c - +0 buckler
rNeg    + . .        b - +0 scale mail
rPois   ∞            (no helmet)
rElec   +            o - +0 cloak
rCorr   .            n - +2 pair of gloves
SInv    .            (no boots)
Will    .....        (no amulet) Stlth
                     p - +6 ring of intelligence
HPRegen 0.28/turn    (no ring)
MPRegen 0.11/turn

%: no passive effects
@: on fire, glowing
A: sickness immunity, AC +5, negative energy resistance 1, electricity
resistance, torment resistance 1, petrification resistance
a: Renounce Religion, Potion Petition, Call Merchant, Bribe Branch


You were on level 5 of the Dungeon.
You worshipped Gozag.
Gozag was aware of your devotion.
You visited 1 branch of the dungeon, and saw 7 of its levels.

You collected 527 gold pieces.
You paid 32 gold pieces to Gozag.

Inventory:

Hand Weapons
 a - a +0 flail (weapon)
Armour
 b - a +0 scale mail (worn)
 c - a +0 buckler (worn)
 n - a +2 pair of gloves (worn)
 o - a +0 cloak (worn)
 s - a +0 plate armour
Jewellery
 p - a +6 ring of intelligence (left hand)
Scrolls
 e - 3 scrolls of revelation
 j - a scroll of brand weapon {unknown}
 k - a scroll of fog {unknown}
 l - a scroll of teleportation {unknown}
 m - a scroll of poison {unknown}
 v - 2 scrolls of silence {unknown}
Potions
 f - a potion of haste {unknown}
 g - 2 potions of berserk rage {unknown}
 h - a potion of attraction {unknown}
 i - 3 potions of brilliance
 q - a potion of enlightenment
 r - a potion of invisibility
 t - a potion of ambrosia


   Skills:
 + Level 6.4 Fighting
 + Level 5.4 Maces & Flails
 + Level 6.4 Armour
 + Level 6.4 Shields


You had 7 spell levels left.
You didn't know any spells.
Your spell library contained the following spells:

 Spells                   Type           Power      Damage    Failure   Level
 Sting                    Conj/Alch      0%         1d3       63%         1
 Mercury Vapours          Alch/Air       0%         N/A       77%         2
 Olgreb's Toxic Radiance  Alch           0%         N/A       100%        4
 Summon Blazeheart Golem  Fire/Summ      0%         N/A       100%        4
 Orb of Destruction       Conj           0%         9d5       100%        7
 Spellforged Servitor     Conj/Summ      0%         N/A       100%        7


Dungeon Overview and Level Annotations

Branches:
Dungeon (7/15)
 Temple: D:4-7

Altars:
Gozag


Innate Abilities, Weirdness & Mutations

You are immune to sickness and miasma.
Your stone body is resilient. (AC +5)
You are immune to poison.
You resist negative energy. (rN+)
You are resistant to electric shocks. (rElec)
You are resistant to unholy torment.
You are immune to petrification.


Message History

The centaur hits you but does no damage.
The centaur kicks you but does no damage.
You are too injured to fight recklessly!
You are too injured to fight recklessly!
You are too injured to fight recklessly!
You are too injured to fight recklessly!
You are too injured to fight recklessly!
You are too injured to fight recklessly!
You are too injured to fight recklessly!
You are too injured to fight recklessly!
You are too injured to fight recklessly!
You are too injured to fight recklessly!
You are too injured to fight recklessly!
You are too injured to fight recklessly!
You are too injured to fight recklessly!
You are too injured to fight recklessly!
You are too injured to fight recklessly!
You are too injured to fight recklessly!
You are too injured to fight recklessly!
You are too injured to fight recklessly!
You are too injured to fight recklessly!
You shake off some of the fire as you move.
The liquid fire burns you!
* * * LOW HITPOINT WARNING * * *
The centaur throws a stone.
The stone hits you.
* * * LOW HITPOINT WARNING * * *
You are too injured to fight recklessly!
You shake off some of the fire as you move.
The liquid fire burns you!
* * * LOW HITPOINT WARNING * * *
The centaur unwields a +0 mace.
The centaur wields a +0 orcbow.
The centaur shoots an arrow.
You block the arrow.
The centaur shoots an arrow.
The arrow hits you.
* * * LOW HITPOINT WARNING * * *
You shake off some of the fire as you move.
The liquid fire burns you!
* * * LOW HITPOINT WARNING * * *
The centaur shoots an arrow.
The arrow hits you.
You die...
Your body crumbles into a pile of gold.

... #.##.# #>#### #.##.#
..###.B..# #.##.#
.(.......## #.##.#
..###....c# #.##.#
#.#.#$# #.##.# ....#.#.#
##.##.# ##..#.#.#
#####...#.# .......@#
#.........#
##..###.######.###...)..
# #.............#.##
#.##########....# ...#
##.### .....# ...#
..####.# ##### . ..$ ..#


You could see a centaur.

Vanquished Creatures
  Sigmund (D:3)
  A vampire (D:7)
  An acid dragon (D:7)
  A water moccasin (D:6)
  An ogre (D:5)
  A centaur (D:6)
  2 phantoms
  4 scorpions
  A bombardier beetle (D:5)
  2 hounds
  An iguana (D:5)
  A sleepcap (D:5)
  4 adders
  2 ribbon worms
  An orc (D:3)
  4 ball pythons
  7 endoplasms
  9 giant cockroaches
  7 goblins
  4 hobgoblins
  9 kobolds
  5 quokkas
  2 bats (D:2)
  A frilled lizard (D:1)
  3 rats
75 creatures vanquished.

Notes
Turn   | Place    | Note
-------+----------+-------------------------------------------
     0 | D:1      | Dittersdorf the Gargoyle Fighter began the quest for the
                  | Orb.
     0 | D:1      | Reached XP level 1. HP: 14/14 MP: 1/1
   248 | D:1      | Reached XP level 2. HP: 16/19 MP: 2/2
  1213 | D:2      | Reached XP level 3. HP: 23/23 MP: 3/3
  1317 | D:2      | Noticed a scorpion
  1326 | D:2      | Killed a scorpion
  1327 | D:2      | Reached XP level 4. HP: 23/29 MP: 4/4
  1605 | D:2      | Found a faded altar of an unknown god.
  1832 | D:2      | Reached XP level 5. HP: 33/33 MP: 5/5
  1873 | D:2      | Found an opulent altar of Gozag.
  1887 | D:2      | Became a worshipper of Gozag Ym Sagoz the Greedy
  1955 | D:3      | Noticed Sigmund
  2298 | D:3      | Killed Sigmund
  2299 | D:3      | Reached XP level 6. HP: 7/39 MP: 6/6
  2806 | D:4      | Identified the +1 leather armour "Etue" {Str+4 Stlth+}
  2826 | D:4      | Reached skill level 5 in Armour
  2877 | D:4      | Reached skill level 5 in Shields
  2903 | D:4      | Reached skill level 5 in Fighting
  2903 | D:4      | Reached XP level 7. HP: 40/44 MP: 7/7
  2929 | D:4      | You fall into a shaft and drop 3 floors!
  3066 | D:7      | Noticed a vampire
  3098 | D:7      | Killed a vampire
  3114 | D:7      | Reached XP level 8. HP: 31/51 MP: 8/8
  3276 | D:6      | Reached skill level 5 in Maces & Flails
  3338 | D:5      | Entered Level 5 of the Dungeon
  3550 | D:5      | Shot with an arrow by a centaur

Illustrated notes

Levels and vault maps discovered:
D:1:      evilmike_arrival_crescent, layout_loops_corners, minmay_statues_item
D:2:      layout_basic, shapermc_ecumenical_altar_totnotflames, serial_aquarium,
          aquarium_bridge_square [aquarium_subvault_wall,
          aquarium_subvault_bridge, aquarium_subvault_window,
          aquarium_subvault_bridge], aquarium_bridge_straight
          [aquarium_subvault_bridge, aquarium_subvault_wall,
          aquarium_subvault_bridge, aquarium_subvault_window],
          aquarium_window_1, aquarium_window_corner, aquarium_window_corner,
          aquarium_window_1, aquarium_view_2a, aquarium_view_2f,
          aquarium_balcony_5a, aquarium_pool_1, basic_altar, minmay_pentomino_q2
D:3:      layout_rooms, kennysheep_doodads, uniq_sigmund
D:4:      layout_cave_pods, kennysheep_generic_room_15
D:5:      layout_loops_ring
D:6:      layout_loops_ring, minmay_temple_entry_gardened_gates,
          gammafunk_ghost_stat_death
D:7:      layout_rooms, serial_library, serial_library_hellmonk_filled_rooms,
          serial_library_hellmonk_octagon, serial_library_hellmonk_layered_room,
          serial_library_hellmonk_small_alcove,
          serial_library_hellmonk_open_square,
          serial_library_hellmonk_open_cross,
          serial_library_hellmonk_big_corner, serial_library_hellmonk_room_b

Skill      XL: |  1  2  3  4  5  6  7  8 |
---------------+-------------------------+-----
Fighting       | 4 5 6 |  6.4
Armour         | 4 5 6 |  6.4
Shields        | 4 5 6 |  6.4
Maces & Flails | 3 4 5 |  5.4

Action                     |  1- 3 |  4- 6 |  7- 9 || total
---------------------------+-------+-------+-------++-------
  Melee: Flail             |    78 |   163 |    93 ||   334
    Use: Scroll            |       |     3 |     3 ||     6
         Potion            |       |       |     1 ||     1
 Armour: Scale mail        |    61 |   108 |    82 ||   251
  Dodge: Dodged            |    44 |    62 |    36 ||   142
  Block: Buckler           |    19 |    25 |    30 ||    74

Table legend: (Time is in decaauts)
 A = Elapsed time spent in this place.
 B = Non-inter-level travel time spent in this place.
 C = Inter-level travel time spent in this place.
 D = Time resting spent in this place.
 E = Time spent auto-exploring this place.
 F = Levels seen in this place.
 G = Mean time per level.
                   A        B        C        D        E       F      G
               +--------+--------+--------+--------+--------+-----+--------+
         Total |   3635 |   3519 |    116 |    395 |   2145 |   7 |  519.3 |
       Dungeon |   3635 |   3519 |    116 |    395 |   2145 |   7 |  519.3 |
               +--------+--------+--------+--------+--------+-----+--------+

Top non-repeatable levels by time:
     D:1: 1070 daAuts
     D:2: 917 daAuts
     D:3: 653 daAuts
     D:4: 356 daAuts
     D:7: 318 daAuts
     D:5: 219 daAuts
     D:6: 99 daAuts
